TOP OF THE 1ST |
BlackIron Dragons batting - Pitching for Memphis Blues : RHP Francisco Arellano
|
Pitching: RHP Francisco Arellano
|
|
Batting: RHB Gil Palmer
|
0-0: Ball 1-0: Called Strike 1-1: Ball 2-1: Ball 3-1: Fly out, F7 (Flyball, 7D)
|
Batting: RHB José Colón
|
0-0: Ball 1-0: SINGLE (Groundball, 5D)
|
Batting: LHB Leonard Young
|
0-0: Ball 1-0: Ball 2-0: Ball 3-0: Base on Balls José Colón to second
|
Batting: RHB Boyd Pittman
|
0-0: Ball 1-0: Called Strike 1-1: Foul Ball, location: 2F 1-2: Ball 2-2: Strikes out looking
|
Batting: RHB Joaquín Rosales
|
0-0: SINGLE (Groundball, 5D) José Colón to third Leonard Young to second Runner from 3rd tries for Home, SAFE, no throw or cutoff
|
Batting: LHB Donnie Cunningham
|
0-0: Fly out, F6 (Popup, 5D)
|
Top of the 1st over - 1 run(s), 2 hit(s), 0 error(s), 2 left on base; BlackIron 1 - Memphis 0 |
BOTTOM OF THE 1ST |
Memphis Blues batting - Pitching for BlackIron Dragons : RHP Augusto Méndez
|
Pitching: RHP Augusto Méndez
|
|
Batting: RHB Jorge Domínguez
|
0-0: Foul Ball, location: 2F 0-1: Foul Ball, location: 2F 0-2: Strikes out swinging
|
Batting: RHB Dave Wookey
|
0-0: Called Strike 0-1: Ball 1-1: Ball 2-1: Ball 3-1: Base on Balls
|
Batting: RHB Dale Taylor
|
0-0: Ball 1-0: Swinging Strike 1-1: Called Strike 1-2: Foul Ball, location: 2F 1-2: Ball 2-2: Foul Ball, location: 2F 2-2: Fly out, F8 (Flyball, 8RXD)
|
Batting: RHB Bob Orr
|
0-0: Ball 1-0: Foul Ball, location: 2F 1-1: Foul Ball, location: 2F 1-2: Foul Ball, location: 2F 1-2: Foul Ball, location: 2F 1-2: Ball 2-2: Foul Ball, location: 2F 2-2: Fly out, F8 (Flyball, 8RD)
|
Bottom of the 1st over - 0 run(s), 0 hit(s), 0 error(s), 1 left on base; BlackIron 1 - Memphis 0 |
TOP OF THE 2ND |
BlackIron Dragons batting - Pitching for Memphis Blues : RHP Francisco Arellano
|
Batting: RHB Brian Jackson
|
0-0: Ball 1-0: Called Strike 1-1: Ball 2-1: Ball 3-1: Ground out 5-3 (Groundball, 5L)
|
Batting: LHB Culley Vaughan
|
0-0: SOLO HOME RUN (Flyball, 9D), Distance : 397 ft
|
Batting: RHB Alfredo Rangel
|
0-0: Ball 1-0: Foul Ball, location: 2F 1-1: Ball 2-1: Foul Ball, location: 2F 2-2: Foul Ball, location: 2F 2-2: Strikes out swinging
|
Batting: RHB Gil Palmer
|
0-0: Called Strike 0-1: Foul Ball, location: 2F 0-2: Ball 1-2: Ball 2-2: Ball 3-2: Base on Balls
|
Batting: RHB José Colón
|
0-0: Ground out 4-3 (Groundball, 34)
|
Top of the 2nd over - 1 run(s), 1 hit(s), 0 error(s), 1 left on base; BlackIron 2 - Memphis 0 |
BOTTOM OF THE 2ND |
Memphis Blues batting - Pitching for BlackIron Dragons : RHP Augusto Méndez
|
Batting: LHB Arturo Rivera
|
0-0: Foul Ball, location: 2F 0-1: SINGLE (Groundball, 6MD)
|
Batting: RHB Sadao Kato
|
0-0: Grounds into double play, 4-6-3 (Groundball, 4)
|
Batting: RHB Glenn Melican
|
0-0: Foul Ball, location: 2F 0-1: Ball 1-1: Ground out 6-3 (Groundball, 6M)
|
Bottom of the 2nd over - 0 run(s), 1 hit(s), 0 error(s), 0 left on base; BlackIron 2 - Memphis 0 |
TOP OF THE 3RD |
BlackIron Dragons batting - Pitching for Memphis Blues : RHP Francisco Arellano
|
Batting: LHB Leonard Young
|
0-0: Ground out 1-3 (Groundball, 13S)
|
Batting: RHB Boyd Pittman
|
0-0: Fly out, F8 (Line Drive, 8LM)
|
Batting: RHB Joaquín Rosales
|
0-0: Called Strike 0-1: Swinging Strike 0-2: Ground out 6-3 (Groundball, 6)
|
Top of the 3rd over - 0 run(s), 0 hit(s), 0 error(s), 0 left on base; BlackIron 2 - Memphis 0 |
BOTTOM OF THE 3RD |
Memphis Blues batting - Pitching for BlackIron Dragons : RHP Augusto Méndez
|
Batting: RHB Dave O'Neill
|
0-0: Called Strike 0-1: Foul Ball, location: 2F 0-2: Ball 1-2: Ground out 4-3 (Groundball, 34)
|
Batting: RHB Raúl Perales
|
0-0: Swinging Strike 0-1: Ground out 5-3 (Groundball, 5S)
|
Batting: RHB Jorge Domínguez
|
0-0: Ball 1-0: Ball 2-0: Ball 3-0: Called Strike 3-1: Base on Balls
|
Batting: RHB Dave Wookey
|
0-0: Ball 1-0: Ground out 5-3 (Groundball, 56)
|
Bottom of the 3rd over - 0 run(s), 0 hit(s), 0 error(s), 1 left on base; BlackIron 2 - Memphis 0 |
TOP OF THE 4TH |
BlackIron Dragons batting - Pitching for Memphis Blues : RHP Francisco Arellano
|
Batting: LHB Donnie Cunningham
|
0-0: Ball 1-0: Ball 2-0: Ball 3-0: Base on Balls
|
Batting: RHB Brian Jackson
|
0-0: Ball 1-0: Ball 2-0: Called Strike 2-1: Swinging Strike 2-2: Ball 3-2: Foul Ball, location: 2F 3-2: Base on Balls Donnie Cunningham to second
|
Batting: LHB Culley Vaughan
|
0-0: Ball 1-0: Ball 2-0: Foul Ball, location: 2F 2-1: Foul Ball, location: 2F 2-2: Ball 3-2: Foul Ball, location: 2F 3-2: Base on Balls Donnie Cunningham to third Brian Jackson to second
|
Batting: RHB Alfredo Rangel
|
0-0: Ball 1-0: Fly out, F8 (Line Drive, 8LM) Runner from 3rd tags up, SCORES, no throw
|
Batting: RHB Gil Palmer
|
0-0: Ball 1-0: Ball 2-0: Called Strike 2-1: Ball 3-1: Foul Ball, location: 2F 3-2: SINGLE (Line Drive, 7LS) Brian Jackson to third Culley Vaughan to second
|
Batting: RHB José Colón
|
0-0: Ball 1-0: Swinging Strike 1-1: Called Strike 1-2: Ball 2-2: Strikes out swinging
|
Batting: LHB Leonard Young
|
0-0: Foul Ball, location: 2F 0-1: Ball 1-1: GRAND SLAM HOME RUN (Flyball, 9LD), Distance : 365 ft
|
Batting: RHB Boyd Pittman
|
0-0: Ball 1-0: Foul Ball, location: 2F 1-1: Ground out 1-3 (Groundball, 15S)
|
Top of the 4th over - 5 run(s), 2 hit(s), 0 error(s), 0 left on base; BlackIron 7 - Memphis 0 |
BOTTOM OF THE 4TH |
Memphis Blues batting - Pitching for BlackIron Dragons : RHP Augusto Méndez
|
Batting: RHB Dale Taylor
|
0-0: Ball 1-0: Fly out, F7 (Flyball, 78D)
|
Batting: RHB Bob Orr
|
0-0: Foul Ball, location: 2F 0-1: Ball 1-1: Ball 2-1: Ball 3-1: SINGLE (Groundball, 3D)
|
Batting: LHB Arturo Rivera
|
0-0: Ball 1-0: Ball 2-0: Called Strike 2-1: Fly out, F8 (Popup, 89S)
|
Batting: RHB Sadao Kato
|
0-0: Called Strike 0-1: SINGLE (Groundball, 4MD) Bob Orr to second
|
Batting: RHB Glenn Melican
|
0-0: Ball 1-0: Foul Ball, location: 2F 1-1: DOUBLE (Line Drive, 7LS) Bob Orr scores Sadao Kato to third Runner from 3rd tries for Home, SAFE, no throw or cutoff
|
Batting: RHB Dave O'Neill
|
0-0: SINGLE (Line Drive, 4MD) Glenn Melican to third Runner from 3rd tries for Home, throw and OUT!
|
Bottom of the 4th over - 2 run(s), 4 hit(s), 0 error(s), 1 left on base; BlackIron 7 - Memphis 2 |
TOP OF THE 5TH |
BlackIron Dragons batting - Pitching for Memphis Blues : RHP Francisco Arellano
|
Batting: RHB Joaquín Rosales
|
0-0: Ball 1-0: Ball 2-0: Ball 3-0: Base on Balls
|
Batting: LHB Donnie Cunningham
|
0-0: Called Strike 0-1: Swinging Strike 0-2: Foul Ball, location: 2F 0-2: Ball 1-2: Ball 2-2: Hit by Pitch Joaquín Rosales to second
|
Batting: RHB Brian Jackson
|
0-0: Called Strike 0-1: Foul Ball, location: 2F 0-2: Strikes out swinging
|
Batting: LHB Culley Vaughan
|
0-0: Fly out, F9 (Flyball, 9LM)
|
Batting: RHB Alfredo Rangel
|
0-0: Ball Wild Pitch! Joaquín Rosales to third Donnie Cunningham to second 1-0: Ball 2-0: Foul Ball, location: 2F 2-1: Ball 3-1: Called Strike 3-2: DOUBLE (Flyball, 78D) Joaquín Rosales scores Donnie Cunningham scores
|
Pitching: RHP Miguel García
|
|
Batting: RHB Gil Palmer
|
0-0: Swinging Strike 0-1: Ball 1-1: Foul Ball, location: 2F 1-2: Ball 2-2: Ball 3-2: Strikes out swinging
|
Top of the 5th over - 2 run(s), 1 hit(s), 0 error(s), 1 left on base; BlackIron 9 - Memphis 2 |
BOTTOM OF THE 5TH |
Memphis Blues batting - Pitching for BlackIron Dragons : RHP Augusto Méndez
|
Batting: RHB Raúl Perales
|
0-0: Foul Ball, location: 2F 0-1: Foul Ball, location: 2F 0-2: Ball 1-2: Ground out 6-3 (Groundball, 6M)
|
Batting: RHB Jorge Domínguez
|
0-0: Foul Ball, location: 2F 0-1: Ball 1-1: Called Strike 1-2: Ball 2-2: Ball 3-2: Base on Balls
|
Batting: RHB Dave Wookey
|
0-0: Ball 1-0: Called Strike Jorge Domínguez is caught stealing 2nd base 1-1: Ball 2-1: Fly out, F5 (Line Drive, 56)
|
Bottom of the 5th over - 0 run(s), 0 hit(s), 0 error(s), 0 left on base; BlackIron 9 - Memphis 2 |
TOP OF THE 6TH |
BlackIron Dragons batting - Pitching for Memphis Blues : RHP Miguel García
|
Batting: RHB José Colón
|
0-0: Ball 1-0: Called Strike 1-1: Called Strike 1-2: Strikes out swinging
|
Batting: LHB Leonard Young
|
0-0: Called Strike 0-1: Swinging Strike 0-2: Foul Ball, location: 2F 0-2: Foul Ball, location: 2F 0-2: Ball 1-2: Ball 2-2: SINGLE (Flyball, 7S)
|
Batting: RHB Boyd Pittman
|
0-0: Ball Leonard Young steals 2nd base 1-0: Fly out, F8 (Flyball, 8RM)
|
Batting: RHB Joaquín Rosales
|
0-0: Ball 1-0: Fly out, F8 (Line Drive, 8RM)
|
Top of the 6th over - 0 run(s), 1 hit(s), 0 error(s), 1 left on base; BlackIron 9 - Memphis 2 |
BOTTOM OF THE 6TH |
Memphis Blues batting - Pitching for BlackIron Dragons : RHP Augusto Méndez
|
Batting: RHB Dale Taylor
|
0-0: Swinging Strike 0-1: Ball 1-1: DOUBLE (Line Drive, 5D)
|
Batting: RHB Bob Orr
|
0-0: Ball 1-0: Called Strike 1-1: Foul Ball, location: 2F 1-2: DOUBLE (Flyball, 9D) Dale Taylor scores
|
Pitching: RHP Johnathan McJannett
|
|
Batting: LHB Arturo Rivera
|
0-0: Called Strike 0-1: Foul Ball, location: 2F 0-2: Ball 1-2: Foul Ball, location: 2F 1-2: Foul Ball, location: 2F 1-2: SINGLE (Line Drive, 34) Bob Orr to third
|
Batting: RHB Sadao Kato
|
0-0: SINGLE (Line Drive, 4M) Bob Orr scores Arturo Rivera to second
|
Batting: RHB Glenn Melican
|
0-0: Ball Arturo Rivera steals 3rd base Sadao Kato to second 1-0: Called Strike 1-1: Ball 2-1: Foul Ball, location: 2F 2-2: Strikes out swinging
|
Batting: RHB Dave O'Neill
|
0-0: Ball 1-0: Foul Ball, location: 2F 1-1: Swinging Strike 1-2: Ball 2-2: Strikes out looking
|
Batting: RHB Raúl Perales
|
0-0: Foul Ball, location: 2F 0-1: Fly out, F8 (Flyball, 8RD)
|
Bottom of the 6th over - 2 run(s), 4 hit(s), 0 error(s), 2 left on base; BlackIron 9 - Memphis 4 |
TOP OF THE 7TH |
BlackIron Dragons batting - Pitching for Memphis Blues : RHP Miguel García
|
Batting: LHB Donnie Cunningham
|
0-0: Ball 1-0: Ball 2-0: Ball 3-0: Called Strike 3-1: Base on Balls
|
Batting: RHB Brian Jackson
|
0-0: Ball 1-0: Ball 2-0: Bunted foul 2-1: Bunt missed! 2-2: 2-RUN HOME RUN (Line Drive, 7D), Distance : 389 ft
|
Batting: LHB Culley Vaughan
|
0-0: Ball 1-0: Ground out 1-3 (Groundball, 25)
|
Batting: RHB Alfredo Rangel
|
0-0: Ground out 5-3 (Groundball, 5L)
|
Batting: RHB Gil Palmer
|
0-0: Called Strike 0-1: Ball 1-1: Ball 2-1: Ball 3-1: Base on Balls
|
Batting: RHB José Colón
|
0-0: SINGLE (Groundball, 56D) Gil Palmer to second
|
Batting: LHB Leonard Young
|
0-0: Called Strike Gil Palmer steals 3rd base José Colón to second 0-1: Called Strike 0-2: Ball 1-2: Foul Ball, location: 2F 1-2: Ball 2-2: Ball 3-2: Foul Ball, location: 2F 3-2: Base on Balls
|
Batting: RHB Boyd Pittman
|
0-0: Swinging Strike 0-1: Fly out, F9 (Flyball, 89S)
|
Top of the 7th over - 2 run(s), 2 hit(s), 0 error(s), 3 left on base; BlackIron 11 - Memphis 4 |
BOTTOM OF THE 7TH |
Memphis Blues batting - Pitching for BlackIron Dragons : RHP Johnathan McJannett
|
Batting: RHB Jorge Domínguez
|
0-0: Ball 1-0: Foul Ball, location: 2F 1-1: Fly out, F9 (Flyball, 9LM)
|
Batting: RHB Dave Wookey
|
0-0: Ball 1-0: Called Strike 1-1: Ball 2-1: Ball 3-1: Called Strike 3-2: Base on Balls
|
Pitching: RHP Eduardo Delgado
|
|
Batting: RHB Dale Taylor
|
0-0: Ball 1-0: Hit by Pitch Dave Wookey to second
|
Batting: RHB Bob Orr
|
0-0: Ball 1-0: DOUBLE (Groundball, 5L) Dave Wookey scores Dale Taylor to third Runner from 3rd tries for Home, SAFE, throw made at trailing runner, SAFE at third!
|
Batting: LHB Arturo Rivera
|
0-0: Ball 1-0: Foul Ball, location: 2F 1-1: Ball 2-1: Foul Ball, location: 2F 2-2: Foul Ball, location: 2F 2-2: Ball 3-2: Foul Ball, location: 2F 3-2: Foul Ball, location: 2F 3-2: Ground out 4-3 (Groundball, 4M) Bob Orr scores
|
Batting: RHB Sadao Kato
|
0-0: Swinging Strike 0-1: Swinging Strike 0-2: Foul Ball, location: 2F 0-2: Strikes out swinging
|
Bottom of the 7th over - 3 run(s), 1 hit(s), 0 error(s), 0 left on base; BlackIron 11 - Memphis 7 |
TOP OF THE 8TH |
BlackIron Dragons batting - Pitching for Memphis Blues : RHP Miguel García
|
Pitching: RHP Lee Donahue
|
|
Batting: RHB Joaquín Rosales
|
0-0: Called Strike 0-1: Swinging Strike 0-2: Ball 1-2: Ball 2-2: Foul Ball, location: 2F 2-2: Strikes out looking
|
Batting: LHB Donnie Cunningham
|
0-0: Called Strike 0-1: Foul Ball, location: 2F 0-2: SINGLE (Groundball, 5S) (infield hit)
|
Batting: RHB Brian Jackson
|
0-0: Ball 1-0: Fly out, F9 (Flyball, 89M)
|
Batting: LHB Culley Vaughan
|
0-0: Ball 1-0: Ball 2-0: DOUBLE (Groundball, 3L) Donnie Cunningham to third Runner from 3rd tries for Home, throw and OUT!
|
Top of the 8th over - 0 run(s), 2 hit(s), 0 error(s), 1 left on base; BlackIron 11 - Memphis 7 |
BOTTOM OF THE 8TH |
Memphis Blues batting - Pitching for BlackIron Dragons : RHP Eduardo Delgado
|
Batting: RHB Glenn Melican
|
0-0: Ball 1-0: Ball 2-0: Fly out, F8 (Flyball, 8LS)
|
Batting: RHB Dave O'Neill
|
0-0: Called Strike 0-1: Called Strike 0-2: Strikes out looking
|
Batting: RHB Raúl Perales
|
0-0: Called Strike 0-1: Ball 1-1: Foul Ball, location: 2F 1-2: Foul Ball, location: 2F 1-2: Strikes out swinging
|
Bottom of the 8th over - 0 run(s), 0 hit(s), 0 error(s), 0 left on base; BlackIron 11 - Memphis 7 |
TOP OF THE 9TH |
BlackIron Dragons batting - Pitching for Memphis Blues : RHP Lee Donahue
|
Batting: RHB Alfredo Rangel
|
0-0: Called Strike 0-1: Foul Ball, location: 2F 0-2: Hit by Pitch
|
Batting: RHB Gil Palmer
|
0-0: Foul Ball, location: 2F 0-1: Fielders Choice at 2nd, 6-4 (Groundball, 6M)
|
Batting: RHB José Colón
|
0-0: Called Strike 0-1: Foul Ball, location: 2F 0-2: Foul Ball, location: 2F 0-2: Foul Ball, location: 2F 0-2: Ball Gil Palmer steals 2nd base 1-2: Fly out, F8 (Flyball, 8RM)
|
Batting: LHB Leonard Young
|
0-0: Swinging Strike 0-1: Ball 1-1: Called Strike 1-2: Fly out, F9 (Flyball, 89M)
|
Top of the 9th over - 0 run(s), 0 hit(s), 0 error(s), 1 left on base; BlackIron 11 - Memphis 7 |
BOTTOM OF THE 9TH |
Memphis Blues batting - Pitching for BlackIron Dragons : RHP Eduardo Delgado
|
Batting: RHB Jorge Domínguez
|
0-0: Ball 1-0: Ground out 5-3 (Groundball, 56)
|
Batting: RHB Dave Wookey
|
0-0: Called Strike 0-1: Ball 1-1: Swinging Strike 1-2: Ball 2-2: Strikes out swinging
|
Batting: RHB Dale Taylor
|
0-0: Ball 1-0: Called Strike 1-1: Ball 2-1: Ball 3-1: Swinging Strike 3-2: Strikes out swinging
|
Bottom of the 9th over - 0 run(s), 0 hit(s), 0 error(s), 0 left on base; BlackIron 11 - Memphis 7 |
|